 Dungeon Crawl Stone Soup version 0.19-a0-1035-gdbfb0c6 (webtiles) character file.

51715 poirepourri the Earth Mage (level 14, 0/74 HPs)
             Began as a Gargoyle Earth Elementalist on July 29, 2016.
             Was a High Priest of Vehumet.
             Slain by a redback (2 damage)
             ... on level 3 of the Lair of Beasts.
             The game lasted 00:49:41 (22567 turns).

poirepourri the Earth Mage (GrEE)                  Turns: 22567, Time: 00:49:41

Health: 0/74       AC: 23    Str: 14    XL:     14   Next: 60%
Magic:  44/52      EV: 10    Int: 25    God:    Vehumet [*****.]
Gold:   1086       SH:  0    Dex: 10    Spells: 7 memorised, 19 levels left

rFire  . . .     SeeInvis .     a - 44 stones
rCold  . . .     Gourm    .     r - +4 scale mail of Hedonism {rCorr MP+9 Stlth-}
rNeg   + . .     Faith    .     (no shield)
rPois  ∞         Spirit   .     (no helmet)
rElec  +         Dismiss  .     f - +0 cloak
rCorr  +         Reflect  .     g - +0 pair of gloves
SustAt .         Harm     .     v - +0 pair of boots {Stlth+}
MR     +....                    (no amulet)
Stlth  ..........               k - +6 ring of intelligence
                                h - ring of magical power

@: confused, somewhat resistant to hostile enchantments, extremely unstealthy
A: big wings, negative energy resistance 1, electricity resistance, unbreathing,
petrification resistance, rot immunity, AC +9
a: Fly, Renounce Religion


You were on level 3 of the Lair of Beasts.
You worshipped Vehumet.
Vehumet was extremely pleased with you.
You were full.

You visited 4 branches of the dungeon, and saw 19 of its levels.

You collected 1086 gold pieces.

Inventory:

Hand Weapons
 b - the +7 morningstar of Yveosiz {crush, Str+3 Stlth+}
   (You found it on level 2 of the Lair of Beasts)

   It inflicts extra damage upon your enemies.
   It affects your strength (+3).
   It makes you more stealthy.
 K - a +2 short sword
Missiles
 a - 44 stones (in hand)
Armour
 c - a +1 robe
 f - a +0 cloak (worn)
 g - a +0 pair of gloves (worn)
 r - the +4 scale mail of Hedonism (worn) {rCorr MP+9 Stlth-}
   (You found it on level 6 of the Lair of Beasts)

   It affects your magic capacity (+9).
   It protects you from acid and corrosion.
   It makes you less stealthy.
 v - a +0 pair of boots of stealth (worn)
Jewellery
 h - a ring of magical power (left hand)
 k - a +6 ring of intelligence (right hand)
 n - an uncursed ring of protection from fire
 w - an uncursed amulet of rage {unknown}
 x - an uncursed amulet of faith
 N - an uncursed ring of protection from magic {unknown}
 O - a +4 ring of intelligence
 P - an uncursed ring of fire {unknown}
Wands
 l - a wand of confusion (12/48)
 s - a wand of paralysis (15/24)
 y - a wand of acid (7/15)
 z - a wand of polymorph (10/24)
 F - a wand of flame (34/48)
Scrolls
 p - 6 scrolls of remove curse
 t - a scroll of recharging
 B - 2 scrolls of fog
 Q - a scroll of identify
Potions
 d - 2 potions of berserk rage {unknown}
 i - a potion of resistance {unknown}
 j - 2 potions of cure mutation {unknown}
 u - 3 potions of brilliance
 A - 2 potions of lignification
 C - 3 potions of might
 D - a potion of flight
 H - a potion of curing
 J - 2 potions of ambrosia {unknown}
 M - a potion of invisibility {unknown}
Books
 e - a book of Geomancy

   Spells                             Type                      Level
   a - Sandblast                      Earth                        1
   b - Passwall                       Transmutation/Earth          2
   c - Stone Arrow                    Conjuration/Earth            3
   d - Petrify                        Transmutation/Earth          4
   e - Lee's Rapid Deconstruction     Earth                        5
 E - a book of Misfortune

   Spells                             Type                      Level
   a - Confusing Touch                Hexes                        1
   b - Confuse                        Hexes                        3
   c - Gell's Gravitas                Hexes/Translocation          3
   d - Petrify                        Transmutation/Earth          4
   e - Metabolic Englaciation         Hexes/Ice                    5
   f - Yara's Violent Unravelling     Hexes/Transmutation          5
 L - a book of Party Tricks

   Spells                             Type                      Level
   a - Summon Butterflies             Summoning                    1
   b - Apportation                    Translocation                1
   c - Tukima's Dance                 Hexes                        3
   d - Alistair's Intoxication        Transmutation/Poison         5
   e - Invisibility                   Hexes                        6
Miscellaneous
 I - a lamp of fire (inert)
Comestibles
 m - 10 fruits
 o - 7 meat rations
 q - 6 royal jellies
 G - 4 bread rations


   Skills:
 - Level 3.2 Fighting
 + Level 2.1 Armour
 + Level 4.6 Dodging
 - Level 2.1 Stealth
 + Level 16.0 Spellcasting
 + Level 8.2 Conjurations
 + Level 1.1 Transmutations
 + Level 16.5 Earth Magic


You had 19 spell levels left.
You knew the following spells:

 Your Spells              Type           Power        Failure   Level  Hunger
a - Sandblast             Erth           ######       0%          1    None
b - Passwall              Tmut/Erth      ######....   1%          2    None
c - Stone Arrow           Conj/Erth      ######       1%          3    None
d - Petrify               Tmut/Erth      ######..     3%          4    None
e - Lee's Rapid Deconstr  Erth           #######...   1%          5    None
f - Venom Bolt            Conj/Pois      #####.....   21%         5    None
g - Poison Arrow          Conj/Pois      #####.....   86%         6    ####...


Dungeon Overview and Level Annotations

Branches:
Dungeon (11/15)            Temple (1/1) D:6            Lair (6/6) D:8
 Shoals (0/4) Lair:2       Spider (1/4) Lair:3        Slime (0/5) Lair:6
    Orc (0/2) D:9

Altars:
Ashenzari
Cheibriados
Dithmenos
Elyvilon
Fedhas
Gozag
Hepliaklqana
Kikubaaqudgha
Makhleb
Nemelex Xobeh
Okawaru
Pakellas
Qazlal
Ru
Sif Muna
Trog
Uskayaw
Vehumet
Xom
Yredelemnul
Zin
The Shining One

Shops:
D:3 *   D:5 :

Annotations:
D:4 Blork the orc


Innate Abilities, Weirdness & Mutations

You are resistant to torment.
Your stone body is resilient. (AC +9)
You are immune to poison.
Your large and strong wings let you fly indefinitely.
You resist negative energy. (rN+)
You are resistant to electric shocks. (rElec)
You can survive without breathing.
You are immune to petrification.
You are immune to rotting.


Message History

The wolf spider bites you but does no damage.
The redback closely misses you. The tarantella bites you.
* * * LOW HITPOINT WARNING * * *
You are confused.
The demonic crawler hits you but does no damage.
The demonic crawler barely misses you.
The demonic crawler hits you but does no damage.
The tarantella bites you.
* * * LOW HITPOINT WARNING * * *
The tarantella completely misses you. The wolf spider hits you!
* * * LOW HITPOINT WARNING * * *
The wolf spider closely misses you.
You're too confused!
You're too confused to cast spells.
You're too confused!
Unknown command.
You clumsily bash the tarantella but do no damage.
The tarantella bites you but does no damage.
The redback bites you.
You die...

.....................##
....................(.#
........#########....##
.......########^##...##
.......###^#^#.###....#
#.###.###.#.#^#.###..##
#.####.#.###.###.##..#
...##.....#.###.s.≈..#
..........^#.#.s@s≈..#
.....P....#.#.#sss≈..#
P.....##.######..##..#
#....####.#^###.###..##
#.#...# ##.#.#^## #...#
####.### ####.#.# #..##
#.##...############..#
.....................#
####.######P.#####..##


You could see a demonic crawler, a wolf spider, 3 tarantellas and a redback.

Vanquished Creatures
  Josephine (Lair:5)
  4 hydras
  7 death yaks
  Nergalle (Lair:2)
  A hill giant (D:11)
  A shining eye (Lair:6)
  A griffon (Lair:2)
  A manticore (Lair:2)
  13 elephants
  8 black mambas
  11 spiny frogs
  4 rime drakes
  8 komodo dragons
  The ghost of HAL9000 the Cutter, a novice VSEn (D:5)
  A troll (D:9)
  3 polar bears
  A queen bee (D:7)
  A slime creature (Lair:6)
  9 blink frogs
  A jumping spider (Lair:3)
  2 two-headed ogres (D:8)
  5 redbacks
  14 spriggans
  45 yaks
  4 wraiths
  3 wyverns
  Eustachio (D:5)
  11 hippogriffs
  3 basilisks
  Menkaure (D:4)
  Edmund (D:5)
  13 porcupines
  9 water moccasins
  3 sky beasts
  4 phantoms
  4 wasps (Lair:6)
  An eye of draining (D:9)
  3 orc warriors
  4 black bears
  3 boggarts (Lair:6)
  18 wolves (Lair:6)
  4 ogres
  12 crocodiles
  3 centaurs
  19 giant frogs
  A water moccasin skeleton (D:6)
  18 killer bees
  4 wights (D:6)
  2 howler monkeys
  6 crimson imps
  A centaur zombie (D:5)
  3 giant frog skeletons
  6 hounds
  Crazy Yiuf (D:5)
  A giant frog zombie (D:8)
  A gnoll shaman (D:7)
  3 orc priests
  10 jellies
  3 orc wizards (D:8)
  7 iguanas
  4 worker ants
  12 sheep
  A killer bee zombie (D:8)
  A hound zombie (D:8)
  4 worker ant zombies
  10 gnolls
  13 adders
  50 river rats
  3 oozes (Lair:6)
  An adder skeleton (D:9)
  6 worms
  A dart slug (D:1)
  5 giant geckos
  22 orcs
  5 giant cockroaches
  3 goblins
  8 hobgoblins
  27 jackals
  4 quokkas
  A ball python skeleton (D:4)
  A ball python zombie (D:5)
  8 bats
  A giant gecko skeleton (D:4)
  A giant gecko zombie (D:4)
  5 giant newts
  4 kobolds
  A quokka skeleton (D:4)
  6 rats
  A spectral orc (D:6)
  6 fungi
  A plant (Lair:5)
551 creatures vanquished.

Vanquished Creatures (others)
  2 bushes (D:8)
  18 fungi
  10 plants
30 creatures vanquished.

Grand Total: 581 creatures vanquished

Notes
Turn   | Place    | Note
-------+----------+-------------------------------------------
     0 | D:1      | poirepourri the Gargoyle Earth Elementalist began the quest for the Orb.
     0 | D:1      | Reached XP level 1. HP: 10/10 MP: 3/3
   225 | D:1      | Reached XP level 2. HP: 7/15 MP: 0/5
  1179 | D:1      | Reached XP level 3. HP: 9/19 MP: 2/7
  1501 | D:2      | Learned a level 2 spell: Passwall
  1505 | D:2      | Learned a level 3 spell: Stone Arrow
  1619 | D:2      | Found a burning altar of Makhleb.
  1619 | D:2      | Found a radiant altar of Vehumet.
  1678 | D:2      | Became a worshipper of Vehumet
  1915 | D:2      | Reached XP level 4. HP: 24/24 MP: 9/9
  2299 | D:3      | Found an opulent altar of Gozag.
  2345 | D:3      | Found a faded altar of an unknown god.
  2452 | D:3      | Found a deep blue altar of Sif Muna.
  2536 | D:3      | Reached * piety under Vehumet
  2536 | D:3      | Offered knowledge of Magic Dart by Vehumet.
  2564 | D:3      | Found Gozag's Platinum Reserve.
  2631 | D:3      | Found a shattered altar of Ashenzari.
  2631 | D:3      | Found a shadowy altar of Dithmenos.
  2650 | D:3      | Found a glowing golden altar of the Shining One.
  2653 | D:3      | Found a snail-covered altar of Cheibriados.
  2653 | D:3      | Found a bloodstained altar of Trog.
  2654 | D:3      | Found a sparkling altar of Nemelex Xobeh.
  2667 | D:3      | Reached XP level 5. HP: 28/28 MP: 7/10
  2929 | D:3      | Found a stormy altar of Qazlal.
  3502 | D:4      | Reached skill level 5 in Earth Magic
  3727 | D:4      | Learned a level 4 spell: Petrify
  3877 | D:4      | Noticed Menkaure
  3899 | D:4      | Killed Menkaure
  3899 | D:4      | Reached skill level 5 in Spellcasting
  3899 | D:4      | Reached XP level 6. HP: 29/32 MP: 10/13
  4005 | D:5      | Entered Level 5 of the Dungeon
  4011 | D:5      | Noticed HAL9000's ghost (novice VSEn)
  4041 | D:5      | Found Saxeul Jesi's Book Emporium.
  4041 | D:5      | Noticed a phantom
  4044 | D:5      | Killed HAL9000's ghost
  4044 | D:5      | Reached skill level 1 in Conjurations
  4044 | D:5      | Reached XP level 7. HP: 36/36 MP: 15/15
  4048 | D:5      | Offered knowledge of Throw Frost by Vehumet.
  4051 | D:5      | Reached ** piety under Vehumet
  4210 | D:5      | Noticed Blork the orc
  4230 | D:5      | Noticed Eustachio
  4462 | D:4      | Learned a level 5 spell: Lee's Rapid Deconstruction
  4509 | D:5      | Killed Eustachio
  4578 | D:5      | Found a runed door.
  4629 | D:5      | Noticed Crazy Yiuf
  4631 | D:5      | Killed Crazy Yiuf
  4631 | D:5      | Reached XP level 8. HP: 41/41 MP: 18/18
  5044 | D:5      | Noticed Edmund
  5053 | D:5      | Killed Edmund
  5464 | D:6      | Found a staircase to the Ecumenical Temple.
  5501 | Temple   | Entered the Ecumenical Temple
  5891 | D:6      | Found a basalt altar of Yredelemnul.
  5988 | D:6      | Reached XP level 9. HP: 41/45 MP: 21/21
  7962 | D:8      | Reached skill level 10 in Spellcasting
  8002 | D:8      | Noticed a queen bee
  8050 | D:7      | Killed a queen bee
  8050 | D:7      | Reached XP level 10. HP: 50/50 MP: 4/24
  8374 | D:8      | Offered knowledge of Inner Flame by Vehumet.
  8425 | D:8      | Reached *** piety under Vehumet
  8694 | D:8      | Offered knowledge of Conjure Flame by Vehumet.
  8937 | D:8      | Reached skill level 10 in Earth Magic
  8955 | D:8      | Reached **** piety under Vehumet
  8955 | D:8      | Reached XP level 11. HP: 38/54 MP: 12/27
  9119 | D:8      | Found a blossoming altar of Fedhas.
  9204 | D:8      | Found a staircase to the Lair.
  9255 | D:8      | Offered knowledge of Venom Bolt by Vehumet.
  9262 | D:8      | Learned a level 5 spell: Venom Bolt
  9751 | D:9      | Found a staircase to the Orcish Mines.
  9790 | D:9      | Reached skill level 1 in Transmutations
 10284 | D:10     | Entered Level 10 of the Dungeon
 10852 | D:11     | Noticed a hill giant
 10857 | D:11     | Killed a hill giant
 10999 | D:11     | Noticed a hill giant
 10999 | D:11     | Noticed a six-headed hydra
 11225 | Lair:1   | Entered Level 1 of the Lair of Beasts
 11799 | Lair:1   | Reached ***** piety under Vehumet
 11800 | Lair:1   | Offered knowledge of Poisonous Cloud by Vehumet.
 12100 | Lair:1   | Reached skill level 5 in Conjurations
 12638 | Lair:2   | Reached XP level 12. HP: 60/60 MP: 29/29
 12654 | Lair:2   | Reached skill level 1 in Fighting
 12788 | Lair:2   | Noticed Nergalle
 12797 | Lair:2   | Killed Nergalle
 13562 | Lair:2   | Found a staircase to the Shoals.
 13580 | Lair:2   | Got an iridescent morningstar
 13583 | Lair:2   | Identified the +7 morningstar of Yveosiz {crush, Str+3 Stlth+} (You found it on level 2 of the Lair of Beasts)
 14641 | Lair:3   | Found a hole to the Spider Nest.
 15657 | Lair:4   | Reached XP level 13. HP: 61/68 MP: 27/31
 15783 | Lair:4   | Noticed Josephine
 17344 | Lair:5   | Killed Josephine
 17867 | Lair:5   | Reached skill level 15 in Spellcasting
 18552 | Lair:5   | Reached skill level 15 in Earth Magic
 18823 | Lair:6   | Entered Level 6 of the Lair of Beasts
 18837 | Lair:6   | Got a faintly humming scale mail
 18843 | Lair:6   | Found a staircase to the Slime Pits.
 18899 | Lair:6   | Offered knowledge of Poison Arrow by Vehumet.
 19207 | Lair:6   | Learned a level 6 spell: Poison Arrow
 19603 | Lair:6   | Identified the +4 scale mail of Hedonism {rCorr MP+9 Stlth-} (You found it on level 6 of the Lair of Beasts)
 19915 | Lair:6   | Gained mutation: Your large and strong wings let you fly indefinitely. [Gargoyle growth]
 19915 | Lair:6   | Reached XP level 14. HP: 65/74 MP: 26/33
 19938 | Lair:6   | Reached skill level 1 in Armour
 21784 | Lair:6   | Found a snail-covered altar of Cheibriados.
 22557 | Spider:1 | Entered Level 1 of the Spider Nest
 22566 | Lair:3   | HP: 2/74 [wolf spider (15)]
 22567 | Lair:3   | Slain by a redback

Vault maps used:
D:1:      minmay_arrival_loop
D:2:      gammafunk_temple_overflow_elements, first_bread, grunt_ministairs_3
D:3:      grunt_temple_overflow_open, nicolae_gozag_zags_fifth_avenue,
          nicolae_overflow_hidden_temple, lemuel_doored_altar,
          ecumenical_altar_2
D:4:      uniq_menkaure
D:5:      serial_shops, shop, uniq_edmund, uniq_blork_the_orc, uniq_eustachio,
          uniq_crazy_yiuf_cottage
D:6:      yredelemnul_forgotten_temple_becter
D:8:      minmay_lair_entry_grove, basic_altar, david_nohive_1,
          grunt_ministairs_5
D:9:      orc_0_dummy, minmay_fountain_box
D:10:     lemuel_ice_spiral_2, serial_bayou_crossing
D:11:     special_room, hangedman_batty
Temple:   jpeg_temple_alley_garden
Lair:1:   minivault_27, cheibrodos_lair_reptile_den,
          infiniplex_staircase_pool_2, grunt_megastairs_4
Lair:2:   minmay_shoals_entry_beasts, uniq_nergalle
Lair:3:   nicolae_spider_entry_tight_spaces
Lair:4:   roderic_lost_polar_bear, lemuel_fruit_tree, uniq_josephine
Lair:5:   nicolae_quartered_pool_little, serial_bayou_shore_a,
          serial_bayou_shore_b
Lair:6:   minmay_lair_end_enchanted_forest, minmay_slime_entry_jelly_boxes,
          basic_altar, grunt_megastairs_1
Spider:1: hangedman_spider_mandibles, uniq_frances

Skill      XL: |  1  2  3  4  5  6  7  8  9 10 11 12 13 14 |
---------------+-------------------------------------------+-----
Earth Magic    | 4 5 6 8 9 10 12 13 15 16 | 16.5
Spellcasting   | 3 5 6 8 10 12 13 14 15 16 | 16.0
Conjurations   | 1 2 3 4 5 6 7 8 |  8.2
Dodging        | 2 3 4 |  4.6
Transmutations | 1 |  1.1
Fighting       | 3 |  3.2
Armour         | 2 |  2.1
Stealth        | |  2.1

Action                   |  1- 3 |  4- 6 |  7- 9 | 10-12 | 13-15 || total
-------------------------+-------+-------+-------+-------+-------++-------
Throw: Stone             |     4 |       |       |       |       ||     4
 Cast: Sandblast         |    49 |    72 |   109 |   152 |   137 ||   519
       Stone Arrow       |     3 |    24 |    64 |   224 |   241 ||   556
       Petrify           |       |       |     3 |     2 |     1 ||     6
       Lee's Rapid Decon |       |       |    17 |    50 |    72 ||   139
       Venom Bolt        |       |       |       |       |     1 ||     1
Evoke: Lamp of fire      |       |       |       |     1 |     2 ||     3
  Use: Scroll            |     2 |     9 |     7 |    13 |       ||    31
       Potion            |       |       |     8 |     4 |    14 ||    26
  Eat: Beef jerky        |     1 |     1 |       |       |     1 ||     3
       Bread ration      |     1 |     2 |     2 |     1 |     2 ||     8
       Fruit             |       |       |     2 |     2 |     1 ||     5
       Meat ration       |       |       |     1 |     3 |     3 ||     7
       Pizza             |       |       |       |     1 |       ||     1
       Royal jelly       |       |       |       |     2 |     1 ||     3
Armor: Robe              |    10 |    18 |    47 |    38 |    25 ||   138
       Scale mail        |       |       |       |       |   156 ||   156
       Skin              |       |       |       |       |     4 ||     4
Dodge: Dodged            |    28 |    27 |    75 |    98 |   167 ||   395
